 Dungeon Crawl Stone Soup version 0.28-a0-1143-gcf6077d4cc (webtiles) character file.

Game seed: 16140502840467293028

42 ducksouse the Caller (level 3, -1/24 HPs)
             Began as a Vampire Summoner on Dec 14, 2021.
             Slain by a jackal (2 damage)
             ... on level 2 of the Dungeon.
             The game lasted 00:05:31 (1667 turns).

ducksouse the Caller (Vampire Summoner)             Turns: 1667, Time: 00:05:32

Health: -1/24      AC:  2    Str:  7    XL:     3   Next: 35%
Magic:  6/6        EV: 12    Int: 17    God:
Gold:   92         SH:  0    Dex: 16    Spells: 5/6 levels left

rFire   . . .      SeeInvis +   d - +0 short sword
rCold   . . .      Faith    .   (no shield)
rNeg    . . .      Spirit   .   a - +0 robe
rPois   .          Reflect  .   (no helmet)
rElec   .          Harm     .   (no cloak)
rCorr   .          Rampage  .   (no gloves)
Will    .....                   (no boots)
Stlth   ++........              (no amulet)
HPRegen 0.28/turn               (no ring)
MPRegen 0.10/turn               (no ring)

@: healing quickly
A: alive, fangs 3, see invisible, vampiric 2
a: Exsanguinate


You were on level 2 of the Dungeon.
You visited 1 branch of the dungeon, and saw 2 of its levels.

You collected 92 gold pieces.

Inventory:

Hand Weapons
 d - a +0 short sword (weapon)
Missiles
 h - 9 poisoned darts
Armour
 a - a +0 robe (worn)
Scrolls
 b - a scroll of summoning {unknown}
 c - 2 scrolls of teleportation {unknown}
 e - a scroll of amnesia {unknown}
Potions
 f - a potion of flight {unknown}
 g - a potion of brilliance {unknown}


   Skills:
 + Level 0.5 Short Blades
 + Level 2.5 Dodging
 + Level 3.3 Stealth
 + Level 2.2 Spellcasting
 + Level 4.7 Summonings


You had 5 spell levels left.
You knew the following spells:

 Your Spells              Type           Power      Damage    Failure   Level
a - Summon Small Mammal   Summ           68%        N/A       2%          1

Your spell library contained the following spells:

 Spells                   Type           Power      Damage    Failure   Level
 Call Imp                 Summ           17%        N/A       4%          2
 Call Canine Familiar     Summ           17%        N/A       9%          3
 Summon Guardian Golem    Hex/Summ       9%         N/A       22%         3
 Summon Lightning Spire   Summ/Air       9%         N/A       58%         4


Dungeon Overview and Level Annotations

Branches:
Dungeon (2/15)

Altars:


Innate Abilities, Weirdness & Mutations

Your natural rate of healing is accelerated.
You have razor-sharp teeth.
You have supernaturally acute eyesight. (SInv)
You are afflicted with vampirism and can become a bat while bloodless.


Message History

You see here a +0 club.
A jackal comes into view.
Found 8 gold pieces.
The jackal closely misses you. The jackal barely misses you.
You see here a throwing net.
The jackal bites you. The jackal bites you. The jackal closely misses you.
You hit the jackal.
The jackal is moderately wounded.
The jackal bites you.
You hit the jackal but do no damage.
The jackal is moderately wounded.
The jackal bites you.
The jackal bites you but does no damage.
You barely miss the jackal. The jackal closely misses you.
The jackal bites you.
* * * LOW HITPOINT WARNING * * *
You hit the jackal but do no damage. The jackal bites you.
* * * LOW HITPOINT WARNING * * *
You miss the jackal. The jackal bites you.
* * * LOW HITPOINT WARNING * * *
The jackal bites you but does no damage.
Casting: Summon Small Mammal (safe; 2% risk of failure)
Confirm with . or Enter, or press ? or * to list all spells.
The jackal completely misses you. The jackal closely misses you.
You hit the jackal but do no damage.
The jackal bites you but does no damage.
Your quokka misses the jackal. The jackal bites you.
* * * LOW HITPOINT WARNING * * *
Your quokka completely misses the jackal.
The jackal barely misses you.
Your quokka barely misses the jackal.
Your quokka closely misses the jackal.
The jackal bites you.
* * * LOW HITPOINT WARNING * * *
Your quokka barely misses the jackal.
The jackal bites you.
You die...

## .. .# ########.# .......#.#
#### #...#.# ... #...(.######
.#####################...........
...........)....@h.r..........$..
..............########....#......
.############.## #....#.###.#
...............# #........ .
.###....[####..# #†...#.#.
.###.....# #..#######....#.#.#
...##########.............# # #
..........................#
#############...####......#


You could see a jackal (ally target) and a friendly quokka (summoned).

Vanquished Creatures
  A gnoll (D:1)
  2 bats (D:1)
  3 giant cockroaches (D:1)
  2 quokkas (D:1)
  A frilled lizard (D:1)
  2 goblins
  2 kobolds (D:1)
13 creatures vanquished.

Vanquished Creatures (collateral kills)
  A gnoll (D:2)
  A bat (D:1)
  An endoplasm (D:1)
  A jackal (D:2)
  2 kobolds
  A quokka (D:1)
  2 ball pythons (D:1)
  A frilled lizard (D:1)
10 creatures vanquished.

Vanquished Creatures (others)
  2 plants (D:1)
2 creatures vanquished.

Grand Total: 25 creatures vanquished

Notes
Turn   | Place    | Note
-------+----------+-------------------------------------------
     0 | D:1      | ducksouse the Vampire Summoner began the quest for the Orb.
     0 | D:1      | Reached XP level 1. HP: 13/13 MP: 3/3
   250 | D:1      | Found a faded altar of an unknown god.
   445 | D:1      | Reached XP level 2. HP: 12/19 MP: 3/5
   782 | D:1      | Gained mutation: You are afflicted with vampirism and can
                  | become a bat while bloodless. [Vampire growth]
   782 | D:1      | Reached XP level 3. HP: 24/24 MP: 6/6
  1664 | D:2      | HP: 1/24 [jackal (2)]
  1667 | D:2      | Slain by a jackal

Illustrated notes

Levels and vault maps discovered:
D:1:      mushboom_english_gardens, layout_loops_corners,
          shapermc_ecumenical_altar_hornbeckon, minmay_heptomino_o4
D:2:      layout_basic

Action                   || total
-------------------------++-------
Melee: Short sword       ||    78
       Bite              ||     4
       Unarmed           ||     1
 Cast: Summon Small Mamm ||    27
Armor: Robe              ||    24
Dodge: Dodged            ||    68

Table legend: (Time is in decaauts)
 A = Elapsed time spent in this place.
 B = Non-inter-level travel time spent in this place.
 C = Inter-level travel time spent in this place.
 D = Time resting spent in this place.
 E = Time spent auto-exploring this place.
 F = Levels seen in this place.
 G = Mean time per level.
                   A        B        C        D        E       F      G
               +--------+--------+--------+--------+--------+-----+--------+
         Total |   1680 |   1650 |     30 |      0 |    404 |   2 |  840.0 |
       Dungeon |   1680 |   1650 |     30 |      0 |    404 |   2 |  840.0 |
               +--------+--------+--------+--------+--------+-----+--------+

Top non-repeatable levels by time:
     D:1: 1176 daAuts
     D:2: 504 daAuts
